 Dungeon Crawl Stone Soup version 0.18-a0-1643-gb89d9db (webtiles) character file.

735818 Gorice the Bludgeoner (level 27, -27/199 HPs)
             Began as a Demonspawn Monk on Mar 25, 2016.
             Was the Champion of Okawaru.
             Annihilated by a shard shrike (61 damage)
             ... on level 7 of a ziggurat on Mar 28, 2016.
             The game lasted 11:00:25 (81515 turns).

Gorice the Bludgeoner (Demonspawn Monk)            Turns: 81515, Time: 11:00:26

Health: -27/199    AC: 39    Str: 32    XL:     27
Magic:  36/36      EV: 24    Int: 19    God:    Okawaru [******]
Gold:   4866       SH:  0    Dex: 17    Spells: 13 memorised, 6 levels left

rFire  . . .     SeeInvis .     a - +9 great mace (freeze)
rCold  . . .     Gourm    .     g - +8 faerie dragon armour {rElec rC- rN++ HP-8 Slay+6}
rNeg   + + .     Faith    .     (shield currently unavailable)
rPois  +         Spirit   .     J - +3 helmet of the Ant {Str+6 Int+4}
rElec  +         Dismiss  .     s - +2 cloak {MR+}
rCorr  +         Reflect  .     q - +2 pair of gloves {Dex+3}
SustAt .         Harm     .     (boots unavailable)
MR     +++..                    u - amulet of regeneration
Stlth  ++++......               V - ring of poison resistance
                                O - ring of resist corrosion

@: mighty, portal projectile, repel missiles, extremely resistant to hostile
enchantments, stealthy
A: hooves 3, iridescent scales 3, blurry vision 1, clumsy 1, cold resistance 1,
foul stench 2, low mp 1, passive freeze, powered by pain 3, rot immunity,
freezing cloud immunity
a: Heroism, Finesse, Renounce Religion
}: 5/15 runes: decaying, slimy, silver, abyssal, gossamer


You were on level 7 of a ziggurat.
You worshipped Okawaru.
Okawaru was exalted by your worship.
You were not hungry.

You visited 12 branches of the dungeon, and saw 60 of its levels.
You visited the Abyss 2 times.
You visited 1 ziggurat, and saw 7 of its levels.
You also visited: Ice Cave.

You collected 9627 gold pieces.
You spent 4761 gold pieces at shops.

Inventory:

Hand Weapons
 a - a +9 great mace of freezing (weapon)
   (Okawaru gifted it to you on level 2 of the Vaults)
 b - the +1 great mace "Igaeliv" {venom, rPois rF+ SInv}
   (You bought it in a shop on level 2 of the Orcish Mines)

   It poisons the flesh of those it strikes.
   It protects you from fire.
   It protects you from poison.
   It lets you see invisible.
 N - a +2 great mace of protection
   (Okawaru gifted it to you on level 5 of a ziggurat)
Missiles
 Q - 65 tomahawks
 R - 5 javelins (quivered)
 X - 10 tomahawks of dispersal
Armour
 g - the +8 faerie dragon armour (worn) {rElec rC- rN++ HP-8 Slay+6}
   (You took it off the Enchantress on level 2 of the Depths)

   It affects your accuracy and damage with ranged weapons and melee attacks
   (+6).
   It makes you vulnerable to cold.
   It insulates you from electricity.
   It greatly protects you from negative energy.
   It affects your health (-8).
 q - a +2 pair of gloves of dexterity (worn)
   (Okawaru gifted it to you on level 2 of the Orcish Mines)
 s - a +2 cloak of magic resistance (worn)
   (You found it on level 6 of the Pits of Slime)
 J - the +3 helmet of the Ant (worn) {Str+6 Int+4}
   (You bought it in a shop on level 1 of the Elven Halls)

   It affects your strength (+6).
   It affects your intelligence (+4).
Jewellery
 j - an uncursed ring of protection from fire
 m - an uncursed ring of protection from cold
 r - an uncursed ring of protection from cold
 u - an amulet of regeneration (around neck)
 K - an uncursed ring of positive energy
 M - an uncursed ring of protection from magic
 O - a ring of resist corrosion (left hand)
 V - a ring of poison resistance (right hand)
Wands
 o - a wand of paralysis (12/24)
 z - a wand of teleportation (3/9) {!d}
 B - a wand of digging (16/24)
 C - a wand of disintegration (9/24)
 G - a wand of lightning (6/15)
 L - a wand of teleportation (5/9) {!d}
 P - a wand of heal wounds (7/9) {!d}
Scrolls
 f - 9 scrolls of magic mapping {!r}
 h - 2 scrolls of enchant armour
 n - 28 scrolls of identify
 p - a scroll of summoning {!r}
 v - 9 scrolls of fear {!r}
 y - 16 scrolls of fog
 A - 9 scrolls of blinking
 F - 30 scrolls of remove curse
 U - a scroll of enchant weapon
 W - 2 scrolls of recharging
Potions
 c - 25 potions of curing
 d - 6 potions of haste {!q}
 l - 4 potions of invisibility {!q}
 t - 4 potions of cancellation {!q}
 w - 13 potions of heal wounds {!q}
 x - a potion of resistance {!q}
 E - a potion of flight
 I - 2 potions of might {!q}
 Y - a potion of cure mutation {!q}
 Z - a potion of berserk rage
Miscellaneous
 e - a box of beasts
 H - a fan of gales
 S - a sack of spiders
Comestibles
 i - 19 meat rations {!e}
 k - 47 fruits
 D - 11 chunks of flesh
 T - a bread ration {!e}


   Skills:
 - Level 15.0 Fighting
 - Level 20.1 Maces & Flails
 - Level 10.1 Throwing
 + Level 18.4 Armour
 - Level 16.0 Dodging
 - Level 10.0 Stealth
 - Level 3.6 Unarmed Combat
 - Level 13.1 Spellcasting
 - Level 17.0 Charms
 - Level 14.0 Summonings
 - Level 9.0 Necromancy
 + Level 16.1 Translocations
 - Level 9.0 Air Magic
 - Level 9.0 Invocations
 - Level 12.0 Evocations


You had 6 spell levels left.
You knew the following spells:

 Your Spells              Type           Power        Failure   Level  Hunger
a - Aura of Abjuration    Summ           ######....   1%          5    ####...
b - Spectral Weapon       Hex/Chrm       #####...     1%          3    None
c - Shadow Creatures      Summ           N/A          3%          6    ######.
j - Controlled Blink      Tloc           N/A          65%         8    #######
p - Portal Projectile     Tloc           ######       1%          3    None
A - Apportation           Tloc           ######....   0%          1    None
B - Summon Butterflies    Summ           ######..     1%          1    None
G - Passage of Golubria   Tloc           N/A          1%          4    #......
H - Haste                 Chrm           ######..     1%          6    ######.
J - Blink                 Tloc           N/A          0%          2    None
M - Repel Missiles        Chrm/Air       ######       1%          2    None
R - Regeneration          Chrm/Necr      ######....   1%          3    None
S - Swiftness             Chrm/Air       ######..     1%          2    None


Dungeon Overview and Level Annotations

Branches:
Dungeon (15/15)            Temple (1/1) D:5            Lair (8/8) D:10
  Swamp (4/4) Lair:4       Spider (4/4) Lair:3        Slime (6/6) Lair:7
    Orc (2/2) D:10            Elf (3/3) Orc:2        Vaults (5/5) D:13
  Crypt (3/3) Vaults:3       Tomb (0/3) Crypt:3      Depths (5/5) D:15
    Zot (4/5) Depths:5

Altars:
Ashenzari
Cheibriados
Dithmenos
Elyvilon
Fedhas
Gozag
Kikubaaqudgha
Makhleb
Nemelex Xobeh
Okawaru
Pakellas
Qazlal
Ru
Sif Muna
Trog
Vehumet
Xom
Yredelemnul
Zin
The Shining One
Beogh

Shops:
D:9 :   D:10 %   D:14 [   D:15 *[}%   Orc:2 :([*   Elf:1 !}[*   Elf:3 [
Vaults:1 =[   Vaults:3 !*:   Depths:3 !(

Portals:
Hell: Depths:1 Depths:2 Depths:3 Depths:4 Depths:5
Abyss: Depths:2 Depths:4
Pandemonium: Depths:1 Depths:3 Depths:4

Annotations:
Lair:7 vpUX: oklobs round Slime entrance
Zig:7 exclusion: 2 oklob plants


Innate Abilities, Weirdness & Mutations

You have hooves in place of feet.
You are completely covered in iridescent scales (AC +8).
Your flesh is cold resistant.
You frequently emit foul miasma when damaged in melee.
A frigid envelope surrounds you and freezes all who hurt you.
You are powered by pain.
You are immune to rotting.
You are immune to freezing clouds.
Scrolls take you a little longer to read.
You are clumsy. (Dex -2)
Your magical capacity is low (-10% MP).


Message History

The shard shrike is severely wounded.
Your skin stops crawling.
The shard shrike claws you but does no damage.
The shard shrike completely resists.
The shard shrike looks sick.
The shard shrike claws you!
* * * LOW HITPOINT WARNING * * *
The shard shrike freezes you!!!
* * * LOW HITPOINT WARNING * * *
The shard shrike resists.
The shard shrike is very cold.
The shard shrike is severely wounded.
Your spectral weapon hits the shard shrike!!!
Your spectral weapon freezes the shard shrike.
You kill the shard shrike!
Okawaru accepts your kill. The shard shrike closely misses you.
Damage: 60 (max 114) Unknown command.
Unknown command.
Unknown command.
Evoke which item? (* to show all) (? for menu, Esc to quit)
Zapping:
P - a wand of heal wounds (9/9) {!d}
Press: ? - help, Shift-Dir - straight line, f - you You feel much better.
This wand has 8 charges left.
The shard shrike claws you.
* * * LOW HITPOINT WARNING * * *
The shard shrike freezes you!!
* * * LOW HITPOINT WARNING * * *
You focus on the pain.
You feel very mighty all of a sudden.
The shard shrike resists.
The shard shrike is very cold.
The shard shrike is lightly wounded.
The white draconian knight mumbles some strange words.
The white draconian knight flickers and vanishes!
Deactivating autopickup; reactivate with Ctrl-A.
An ice devil comes into view.
Damage: 11 (max 114) Unknown command.
Unknown command.
Unknown command.
Unknown command.
Evoke which item? (* to show all) (? for menu, Esc to quit)
Zapping:
P - a wand of heal wounds (8/9) {!d}
Press: ? - help, Shift-Dir - straight line, f - you You feel much better.
This wand has 7 charges left.
The shard shrike completely misses you.
You bludgeon the Ice Fiend!! Your kick misses the Ice Fiend.
The Ice Fiend is lightly wounded.
The shard shrike claws you.
* * * LOW HITPOINT WARNING * * *
The shard shrike freezes you!!!
You die...

▓▓ ▓▓▓▓▓.▓▓▓▓
▓▓.........
▓▓..........
▓▓...........
▓............
▓....(bPPk4..
▓▓....@1.(.P..
▓..∩...PPPZ...
▓▓.......PPP4.
▓.......PP...
▓............
▓▓...........
▓▓..........
▓▓.........
▓▓▓▓.▓▓


You could see a shard shrike, an Ice Fiend, 2 oklob plants, 2 ice devils, a rime
drake, a golden dragon simulacrum and a friendly spectral great mace of
freezing.

Vanquished Creatures
  the Royal Jelly (Slime:6)
  2 ancient liches
  Mennas (Depths:3)
  Sojobo (Crypt:2)
  Boris (Vaults:2)
  Frederick (Crypt:1)
  A shard shrike (Zig:7)
  Saint Roka (Orc:2)
  A curse toe (Zot:1)
  Margery (Crypt:3)
  A Killer Klown (Zot:4)
  4 golden dragons
  A profane servitor (Crypt:3)
  Jory (Crypt:3)
  the Enchantress (Depths:2)
  3 bone dragons
  Jorgrun (Vaults:2)
  An electric golem (Zot:2)
  A hellephant (Abyss:3)
  5 liches
  14 tentacled monstrosities
  Rupert (D:13)
  3 quicksilver dragons
  22 acid blobs
  Asterion (Vaults:1)
  8 titans
  5 deep elf blademasters
  An eldritch tentacle (Crypt:3)
  2 deep elf master archers (Elf:3)
  8 sphinxes
  Gastronok (D:9)
  Frances (Spider:2)
  11 death cobs
  5 thorn hunters
  8 tentacled starspawn
  The ghost of namelastname112 the Alchemist, an adept DrMo of Ru (Depths:3)
  3 ancient champions
  10 shadow dragons
  14 storm dragons
  6 fire giants
  Maud (Lair:5)
  6 tengu reavers
  2 azure jellies
  4 draconian monks
  3 revenants
  Donald (Spider:2)
  Wiglaf (Vaults:1)
  10 deep elf sorcerers
  4 draconian knights
  8 ghost moths
  13 vault wardens
  Aizul (Depths:1)
  4 deep elf elementalists
  3 draconian zealots
  An orc warlord (Orc:2)
  2 balrugs
  A juggernaut zombie (Crypt:2)
  4 emperor scorpions
  11 frost giants
  6 draconian scorchers
  2 draconian shifters
  10 ghouls
  10 large abominations
  The ghost of SpiritFryer the Impaler, a journeyman CeGl of Ru (Lair:6)
  3 curse skulls
  2 reapers
  16 stone giants
  The ghost of namelastname112 the Brawler, a journeyman DrTm of Cheibriados (Depths:1)
  17 ironheart preservers
  6 draconian annihilators
  6 spriggan defenders
  21 very ugly things
  3 draconian callers
  2 war gargoyles
  6 green draconians
  The ghost of namelastname112 the Brawler, a journeyman DrMo of Ru (D:15)
  11 deep elf annihilators
  5 red draconians
  4 black draconians
  11 vampire knights
  5 salamander stormcallers
  4 deep elf demonologists
  8 mottled draconians
  19 dire elephants
  A lorocyproca (Abyss:3)
  10 yellow draconians
  5 white draconians (Zot:1)
  8 spark wasps
  5 purple draconians
  Snorg (Lair:4)
  A green death (Abyss:3)
  3 blizzard demons
  13 deep elf death magi
  9 eidola
  12 ettins
  40 vault guards
  15 fire dragons
  12 great orbs of eyes
  29 jiangshi
  6 death oozes
  4 deep elf high priests
  The ghost of M4edhros the Covert, a journeyman OpHu of Gozag (Lair:3)
  Erolcha (D:8)
  8 ogre magi
  10 entropy weavers
  21 yaktaur captains
  27 hydras
  18 ice dragons
  7 rakshasas
  6 centaur warriors
  2 ghost crabs
  A catoblepas (shapeshifter) (Vaults:2)
  3 spriggan air magi
  3 catoblepae (Lair:8)
  12 death knights
  11 deep troll shamans
  A satyr (Abyss:3)
  19 dancing weapons
  24 death yaks
  A queen ant (Spider:4)
  12 alligators
  8 deep troll earth magi
  4 orc high priests
  11 tengu warriors
  11 thrashing horrors
  8 vampire magi
  8 soul eaters
  A storm dragon zombie (Crypt:1)
  4 sun demons
  29 deep elf knights
  6 spriggan berserkers
  90 slime creatures
  3 wretched stars
  A titan skeleton (Crypt:1)
  24 hell knights
  44 skeletal warriors
  A death drake (shapeshifter) (Vaults:4)
  3 iron trolls
  2 salamander mystics
  An infernal demonspawn (Depths:1)
  3 fire crabs
  A spark wasp zombie (Crypt:2)
  11 unseen horrors
  2 golden dragon zombies
  3 giant orange brains
  10 swamp dragons
  A deep troll (shapeshifter) (Zig:2)
  9 shadow wraiths
  A shadow demon (Depths:3)
  An anaconda zombie (Abyss:2)
  18 flayed ghosts
  A gelid demonspawn (Depths:4)
  25 deep trolls
  A shadow dragon zombie (Crypt:3)
  5 shambling mangroves
  Pikel (D:6)
  2 anubis guards (Zig:3)
  5 wizards
  24 deep elf archers
  14 ironbrand convokers
  15 orc knights
  9 hill giants
  The ghost of crauler the Grave Robber, a novice DrNe (D:6)
  3 harpies (shapeshifter)
  29 phantasmal warriors
  9 necromancers
  A wolf spider (shapeshifter) (Elf:1)
  88 deep elf magi
  56 ugly things
  10 hornets
  15 orb spiders
  A spectral fire dragon (Crypt:3)
  4 shining eyes
  10 griffons
  10 oklob plants
  A hornet (shapeshifter) (Vaults:4)
  6 orc sorcerers
  10 salamanders
  27 wolf spiders
  A salamander (shapeshifter) (Elf:2)
  A cyclops (shapeshifter) (Depths:2)
  8 cyclopes
  A manticore (D:15)
  A faun (shapeshifter) (Depths:2)
  A stone giant skeleton (Abyss:2)
  13 elephants
  A rust devil (Depths:3)
  4 centaur zombies
  4 apocalypse crabs
  16 moths of wrath
  2 water nymphs (shapeshifter)
  A naga mage (Zig:6)
  20 vault sentinels
  2 water nymphs (Abyss:3)
  A gargoyle (D:15)
  Maurice (D:8)
  4 torpor snails
  An eye of devastation (shapeshifter) (Depths:3)
  5 black mambas
  A storm dragon simulacrum (Depths:3)
  2 spiny frogs (shapeshifter)
  7 smoke demons
  8 orange demons
  6 centaur skeletons
  A hellion (Abyss:3)
  A rime drake (shapeshifter) (Vaults:1)
  19 freezing wraiths
  13 spiny frogs
  3 kobold demonologists
  52 yaktaurs
  2 rime drakes
  11 starcursed masses
  8 komodo dragons
  12 demonic crawlers
  2 tormentors
  A hellwing (Depths:3)
  6 ice devils
  4 tengu conjurers
  4 ancient zymes
  A golden dragon simulacrum (Abyss:2)
  A mottled draconian skeleton (Crypt:2)
  2 guardian mummies
  A harpy zombie (Crypt:1)
  A jumping spider (shapeshifter) (D:15)
  A tengu simulacrum (Depths:3)
  33 jumping spiders
  14 two-headed ogres
  13 trolls
  Prince Ribbit (D:9)
  35 blink frogs
  7 giant leeches
  A giant leech (shapeshifter) (Vaults:4)
  A spriggan zombie (Depths:3)
  8 boulder beetles
  7 raiju (Abyss:3)
  A frost giant simulacrum (Crypt:1)
  An ushabti (Zig:3)
  12 bog bodies
  A human simulacrum (Vaults:1)
  A snapping turtle (shapeshifter) (D:13)
  Sigmund (D:4)
  52 flying skulls
  3 shadows
  A shock serpent simulacrum (Crypt:3)
  A fire dragon zombie (Abyss:2)
  A griffon skeleton (Crypt:2)
  A centaur simulacrum (D:15)
  29 tarantellas
  6 water elementals
  3 ynoxinuls
  2 redbacks (shapeshifter)
  84 redbacks
  17 spriggans
  An elf skeleton (Depths:3)
  A spriggan (shapeshifter) (Depths:1)
  6 air elementals
  A yak (shapeshifter) (Vaults:5)
  12 wraiths
  9 fire bats
  56 yaks
  A basilisk (shapeshifter) (Vaults:5)
  5 fire elementals
  A basilisk (Lair:7)
  2 golden eyes (Slime:1)
  7 chaos spawn
  3 hungry ghosts
  2 hogs (shapeshifter)
  12 small abominations
  11 hippogriffs
  34 vampire mosquitoes
  6 neqoxecs
  3 mottled dragons
  22 swamp worms
  6 insubstantial wisps (Swamp:1)
  A naga (shapeshifter) (Vaults:1)
  12 wargs
  A swamp worm (shapeshifter) (Vaults:5)
  Duvessa (D:7)
  11 water moccasins
  A water nymph skeleton (Crypt:1)
  19 soldier ants
  A deep troll skeleton (Crypt:1)
  16 porcupines
  15 swamp drakes
  10 ice beasts
  21 wasps
  2 slaves (D:6)
  44 orc warriors
  An ettin simulacrum (Crypt:3)
  6 sky beasts
  An eye of draining (shapeshifter) (Vaults:4)
  3 black bears
  A blink frog zombie (Crypt:2)
  3 phantoms
  A manticore zombie (Crypt:1)
  15 centaurs
  38 ogres
  5 necrophages
  5 boggarts (Vaults:1)
  2 eyes of draining
  16 wolves
  18 crocodiles
  6 big kobolds
  2 wyvern zombies (D:14)
  20 giant frogs
  3 earth elementals
  A hell hound zombie (Crypt:1)
  Dowan (D:7)
  An ogre simulacrum (Vaults:1)
  A wyvern skeleton (D:10)
  2 scorpions
  11 killer bees
  4 howler monkeys
  2 electric eels
  17 crimson imps
  4 gnoll shamans
  20 jellies
  4 quasits
  24 orc priests
  8 hounds
  35 orc wizards
  2 iron imps
  2 giant frog skeletons
  5 hell rats (Lair:4)
  8 iguanas
  36 worker ants
  23 sheep
  A hound zombie (D:7)
  A hound skeleton (D:5)
  2 mummies (Zig:3)
  A howler monkey zombie (D:5)
  A worker ant zombie (D:11)
  44 gnolls
  14 adders
  68 river rats
  11 shadow imps
  7 white imps (Depths:1)
  7 ufetubi
  2 oozes
  An adder zombie (D:5)
  A halfling skeleton (Crypt:2)
  2 iguana skeletons (Crypt:2)
  3 worms
  A dart slug (D:1)
  11 giant geckos
  121 orcs
  9 bats
  3 giant cockroaches
  7 goblins
  3 hobgoblins
  29 jackals
  6 quokkas
  3 ball pythons
  A giant gecko skeleton (Crypt:1)
  A giant gecko zombie (D:7)
  4 giant newts
  A goblin skeleton (Crypt:2)
  2 jackal skeletons (D:6)
  A jackal zombie (D:8)
  24 kobolds
  5 rats
  A briar patch (Swamp:4)
  A fungus (Lair:3)
  A lost soul (Crypt:2)
  4 starspawn tentacles
3192 creatures vanquished.

Vanquished Creatures (collateral kills)
  Nikola (Elf:2)
  A deep elf mage (Elf:2)
2 creatures vanquished.

Vanquished Creatures (others)
  A storm dragon (Zot:2)
  A tengu reaver (Crypt:2)
  A draconian knight (Zot:2)
  2 fire giants
  A deep elf elementalist (Elf:3)
  A draconian annihilator (Zot:4)
  A salamander stormcaller (Vaults:5)
  A red draconian (Zot:4)
  A deep elf high priest (Vaults:5)
  An ettin (Vaults:5)
  3 deep elf knights
  A large abomination (Abyss:3)
  A shadow wraith (Crypt:3)
  A wizard (Vaults:2)
  A moth of wrath (Zot:3)
  A spiny frog (Swamp:2)
  A demonic crawler (Abyss:3)
  A yaktaur (Vaults:4)
  A raiju (Abyss:3)
  A redback (Spider:4)
  A chaos spawn (Abyss:3)
  A soldier ant (Spider:4)
  A swamp drake (Swamp:1)
  A boggart (Vaults:1)
  A small abomination (Abyss:3)
  A crimson imp (Depths:1)
  3 worker ants (Spider:4)
  A white imp (Depths:4)
  An ufetubus (Abyss:3)
  An orc (Orc:2)
  54 eldritch tentacle segments (Crypt:3)
  30 fungi
  4 lost souls
  30 plants
  32 spectral weapons
  23 starspawn tentacles
  280 starspawn tentacle segments
488 creatures vanquished.

Grand Total: 3682 creatures vanquished

Notes
Turn   | Place    | Note
--------------------------------------------------------------
     0 | D:1      | Gorice the Demonspawn Monk began the quest for the Orb.
     0 | D:1      | Reached XP level 1. HP: 18/18 MP: 1/1
   246 | D:1      | Gained mutation: You are partially covered in iridescent scales (AC +4). [demonic ancestry]
   246 | D:1      | Reached XP level 2. HP: 20/24 MP: 2/2
   625 | D:1      | Reached skill level 1 in Maces & Flails
  1041 | D:2      | Reached XP level 3. HP: 27/30 MP: 3/3
  1137 | D:2      | Found a glowing golden altar of the Shining One.
  1265 | D:2      | Reached skill level 4 in Fighting
  1366 | D:2      | Reached skill level 2 in Maces & Flails
  1370 | D:2      | Reached XP level 4. HP: 34/37 MP: 4/4
  1709 | D:3      | Found an opulent altar of Gozag.
  1769 | D:3      | Reached skill level 3 in Maces & Flails
  1769 | D:3      | Gained mutation: You are immune to rotting. [demonic ancestry]
  1769 | D:3      | Reached XP level 5. HP: 15/43 MP: 5/5
  2301 | D:3      | Reached skill level 4 in Maces & Flails
  2753 | D:4      | Found a sparkling altar of Nemelex Xobeh.
  2824 | D:4      | Gained mutation: You are mostly covered in iridescent scales (AC +6). [demonic ancestry]
  2824 | D:4      | Reached XP level 6. HP: 49/49 MP: 6/6
  2850 | D:4      | Found a shadowy altar of Dithmenos.
  3342 | D:4      | Reached skill level 5 in Maces & Flails
  3389 | D:4      | Noticed Sigmund
  3402 | D:4      | Killed Sigmund
  3402 | D:4      | Reached XP level 7. HP: 50/55 MP: 7/7
  3601 | D:5      | Entered Level 5 of the Dungeon
  3664 | D:4      | Reached skill level 6 in Maces & Flails
  3701 | D:5      | Found a shimmering altar of Xom.
  3784 | D:5      | Found a staircase to the Ecumenical Temple.
  3794 | Temple   | Entered the Ecumenical Temple
  4205 | D:5      | Found a white marble altar of Elyvilon.
  4216 | D:5      | Found a basalt altar of Yredelemnul.
  4217 | D:5      | Found a deep blue altar of Sif Muna.
  4243 | D:5      | Found an oddly glowing altar of Pakellas.
  4254 | D:5      | Upgraded the game from 0.18-a0-1628-g61c6396 to 0.18-a0-1637-g109f206
  4256 | D:5      | Found a radiant altar of Vehumet.
  4295 | D:5      | Reached skill level 7 in Maces & Flails
  4519 | D:5      | Found a bloodstained altar of Trog.
  4802 | D:6      | Found a burning altar of Makhleb.
  4823 | D:6      | Noticed a wraith
  5029 | D:6      | Gained mutation: You have large cloven feet. [demonic ancestry]
  5029 | D:6      | Reached XP level 8. HP: 61/61 MP: 8/8
  5148 | D:6      | Reached skill level 8 in Maces & Flails
  5156 | D:6      | Reached skill level 1 in Armour
  5323 | D:6      | Reached skill level 2 in Armour
  5620 | D:6      | Reached skill level 9 in Maces & Flails
  5620 | D:6      | Reached skill level 3 in Armour
  5969 | D:6      | Noticed crauler's ghost (novice DrNe)
  6111 | D:7      | Reached XP level 9. HP: 23/66 MP: 9/9
  6661 | D:6      | Killed crauler's ghost
  6661 | D:6      | Reached skill level 10 in Maces & Flails
  6661 | D:6      | Reached skill level 4 in Armour
  6721 | D:6      | Noticed Pikel
  6758 | D:6      | Killed Pikel
  6758 | D:6      | Reached skill level 5 in Armour
  6884 | D:6      | Found a shattered altar of Ashenzari.
  7043 | D:7      | Noticed Duvessa
  7079 | D:7      | Noticed Dowan
  7088 | D:7      | Killed Duvessa
  7088 | D:7      | Reached skill level 11 in Maces & Flails
  7233 | D:7      | Killed Dowan
  7527 | D:7      | Reached XP level 10. HP: 60/73 MP: 10/10
  7649 | D:7      | Found an iron altar of Okawaru.
  7671 | D:7      | Became a worshipper of Warmaster Okawaru
  7671 | D:7      | Reached * piety under Okawaru
  7671 | D:7      | Reached ** piety under Okawaru
  7991 | D:8      | Noticed Erolcha
  8009 | D:8      | Killed Erolcha
  8009 | D:8      | Reached skill level 6 in Armour
  8241 | D:8      | Noticed Maurice
  8259 | D:8      | Killed Maurice
  8264 | D:8      | Reached skill level 12 in Maces & Flails
  8905 | D:8      | Reached *** piety under Okawaru
  9016 | D:9      | Found Bomif's Book Emporium.
  9029 | D:9      | Noticed Prince Ribbit
  9042 | D:9      | Killed Prince Ribbit
  9149 | D:9      | Reached skill level 1 in Invocations
  9241 | D:9      | Reached skill level 7 in Armour
  9434 | D:9      | Noticed Gastronok
  9456 | D:9      | Killed Gastronok
  9456 | D:9      | Reached **** piety under Okawaru
  9456 | D:9      | Reached skill level 3 in Invocations
  9456 | D:9      | Gained mutation: You have hoof-like feet. [demonic ancestry]
  9456 | D:9      | Reached XP level 11. HP: 75/78 MP: 9/13
  9810 | D:10     | Entered Level 10 of the Dungeon
  9952 | D:10     | Found a staircase to the Orcish Mines.
  9985 | D:10     | Found Boyfeuhu's Food Boutique.
 10121 | D:10     | Found a staircase to the Lair.
 10166 | D:10     | Reached ***** piety under Okawaru
 10166 | D:10     | Reached skill level 13 in Maces & Flails
 10488 | D:10     | Found a shimmering altar of Xom.
 10520 | D:10     | Got an ichor-stained dagger
 10521 | D:10     | Identified the +7 dagger of Breach {pierce, Int+2} (You found it on level 10 of the Dungeon)
 10604 | D:10     | Noticed a hill giant
 10616 | D:10     | Killed a hill giant
 10616 | D:10     | Reached skill level 8 in Armour
 10749 | Lair:1   | Entered Level 1 of the Lair of Beasts
 11181 | Lair:1   | Found a frozen archway.
 11258 | IceCv    | Entered an ice cave
 11438 | Lair:1   | Received a gift from Okawaru
 11763 | Lair:1   | Reached skill level 14 in Maces & Flails
 11884 | Lair:1   | Upgraded the game from 0.18-a0-1637-g109f206 to 0.18-a0-1639-g7533f42
 12002 | Lair:1   | Reached skill level 4 in Invocations
 12029 | Lair:1   | Received a gift from Okawaru
 12032 | Lair:1   | Reached skill level 5 in Fighting
 12032 | Lair:1   | Reached skill level 9 in Armour
 12033 | Lair:1   | Got a steaming cloak {god gift}
 12044 | Lair:1   | Identified the +0 cloak of the Dice {rElec Dex+5} (Okawaru gifted it to you on level 1 of the Lair of Beasts)
 12407 | Lair:2   | Reached skill level 5 in Invocations
 12494 | Lair:2   | Gained mutation: You may emit foul miasma when damaged in melee. [demonic ancestry]
 12494 | Lair:2   | Reached XP level 12. HP: 86/86 MP: 15/15
 12829 | Lair:3   | Found a hole to the Spider Nest.
 12868 | Lair:3   | Noticed a five-headed hydra
 12888 | Lair:3   | Killed a five-headed hydra
 12971 | Lair:3   | Noticed M4edhros's ghost (journeyman OpHu)
 13016 | Lair:3   | Killed M4edhros's ghost
 13016 | Lair:3   | Reached skill level 6 in Fighting
 13016 | Lair:3   | Reached skill level 6 in Invocations
 13413 | Lair:3   | Got a crude morningstar
 13414 | Lair:3   | Identified the cursed +0 morningstar of the Special Dances {elec, rElec rF- rC++} (You found it on level 3 of the Lair of Beasts)
 13501 | Lair:3   | Found an opulent altar of Gozag.
 13979 | Lair:4   | Found a staircase to the Swamp.
 14161 | Lair:4   | Reached skill level 7 in Invocations
 14281 | Lair:4   | Noticed a four-headed hydra
 14295 | Lair:4   | Killed a four-headed hydra
 14375 | Lair:4   | Reached skill level 7 in Fighting
 14886 | Lair:5   | Noticed Snorg
 14898 | Lair:4   | Killed Snorg
 14898 | Lair:4   | Reached skill level 10 in Armour
 14898 | Lair:4   | Reached skill level 8 in Invocations
 15007 | Lair:5   | Reached skill level 8 in Fighting
 15011 | Lair:5   | Received a gift from Okawaru
 15011 | Lair:5   | Reached skill level 9 in Invocations
 15592 | Lair:5   | Gained mutation: You sometimes gain a little power by taking damage. [demonic ancestry]
 15592 | Lair:5   | Reached XP level 13. HP: 89/98 MP: 19/19
 15754 | Lair:5   | Noticed Maud
 15781 | Lair:5   | Killed Maud
 15849 | Lair:5   | Reached skill level 11 in Armour
 15855 | Lair:5   | Reached skill level 9 in Fighting
 16611 | Lair:6   | Received a gift from Okawaru
 16679 | Lair:6   | Got a bloodstained longbow {god gift}
 16685 | Lair:6   | Identified the +2 longbow of Okawaru's Outrage {venom, rF+} (Okawaru gifted it to you on level 6 of the Lair of Beasts)
 16837 | Lair:6   | Noticed SpiritFryer's ghost (journeyman CeGl)
 16851 | Lair:6   | Killed SpiritFryer's ghost
 17231 | Lair:6   | Reached skill level 10 in Fighting
 17234 | Lair:6   | Reached ****** piety under Okawaru
 17392 | Lair:7   | Found a staircase to the Slime Pits.
 17671 | Lair:7   | Received a gift from Okawaru
 17681 | Lair:7   | Reached skill level 15 in Maces & Flails
 17799 | Lair:7   | Gained mutation: You have hooves in place of feet. [demonic ancestry]
 17799 | Lair:7   | Reached XP level 14. HP: 111/111 MP: 20/20
 17941 | Lair:7   | Reached skill level 12 in Armour
 18542 | Lair:8   | Entered Level 8 of the Lair of Beasts
 18970 | Lair:8   | Reached skill level 11 in Fighting
 19525 | Lair:8   | Received a gift from Okawaru
 19654 | Lair:8   | Reached skill level 13 in Armour
 19746 | Lair:8   | Identified the Incunabulum of Flames and Earth
 20119 | Orc:1    | Entered Level 1 of the Orcish Mines
 20465 | Orc:1    | Reached skill level 12 in Fighting
 20737 | Orc:2    | Entered Level 2 of the Orcish Mines
 20970 | Orc:2    | Found a roughly hewn altar of Beogh.
 21115 | Orc:2    | Reached skill level 16 in Maces & Flails
 21115 | Orc:2    | Gained mutation: You sometimes gain power by taking damage. [demonic ancestry]
 21115 | Orc:2    | Reached XP level 15. HP: 73/120 MP: 19/21
 21141 | Orc:2    | HP: 36/120 [orc warrior/mace (15)]
 21143 | Orc:2    | HP: 17/120 [orc warrior/trident (9)]
 21289 | Orc:2    | Noticed an orc warlord
 21347 | Orc:2    | Killed an orc warlord
 21347 | Orc:2    | Received a gift from Okawaru
 21452 | Orc:2    | Found a roughly hewn altar of Beogh.
 21455 | Orc:2    | Found Mutygin's Book Emporium.
 21531 | Orc:2    | Found Ului's Antique Armour Emporium.
 21547 | Orc:2    | Found Minnyrorph's General Store.
 21569 | Orc:2    | Found Qakoison's Antique Weapon Emporium.
 21642 | Orc:2    | Bought a shimmering great mace for 356 gold pieces
 21701 | Orc:2    | Bought a fine cloak for 266 gold pieces
 21711 | Orc:2    | Identified the +1 cloak of Keefut {*Drain rPois rCorr Str+5} (You bought it in a shop on level 2 of the Orcish Mines)
 21721 | Orc:2    | Identified the cursed +1 great mace "Igaeliv" {venom, rPois rF+ SInv} (You bought it in a shop on level 2 of the Orcish Mines)
 21796 | Orc:2    | Noticed Saint Roka
 21831 | Orc:2    | Killed Saint Roka
 21831 | Orc:2    | Received a gift from Okawaru
 21846 | Orc:2    | HP: 33/122 [orc priest/divine providence (11)]
 22172 | Orc:2    | Found a staircase to the Elven Halls.
 22220 | Orc:2    | Found a roughly hewn altar of Beogh.
 23420 | D:12     | Reached skill level 13 in Fighting
 23868 | D:12     | Reached skill level 14 in Armour
 23883 | D:11     | HP: 37/124 [poisoned by a redback]
 23888 | D:11     | HP: 32/124 [poisoned by a redback]
 23893 | D:11     | HP: 30/124 [poisoned by a redback]
 23899 | D:11     | HP: 29/124 [poisoned by a redback]
 23904 | D:11     | HP: 30/124 [poisoned by a redback]
 23909 | D:11     | HP: 31/124 [poisoned by a redback]
 23916 | D:11     | HP: 34/124 [poisoned by a redback]
 24210 | D:12     | Received a gift from Okawaru
 24378 | D:12     | Noticed a frost giant
 24397 | D:12     | Killed a frost giant
 24404 | D:12     | Noticed a fire giant
 24432 | D:12     | Killed a fire giant
 24566 | D:12     | HP: 35/124 [redback (shapeshifter) (10)]
 24758 | D:13     | Noticed Rupert
 24791 | D:13     | Killed Rupert
 25172 | D:13     | Gained mutation: Your flesh is cold resistant. [demonic ancestry]
 25172 | D:13     | Reached XP level 16. HP: 132/132 MP: 22/22
 25313 | D:13     | Found a gate to the Vaults.
 25786 | D:14     | Reached skill level 14 in Fighting
 25905 | D:14     | Found Lowkuty's Antique Armour Boutique.
 25950 | D:14     | Received a gift from Okawaru
 26727 | D:15     | Entered Level 15 of the Dungeon
 26727 | D:15     | Found Xurof's General Store.
 26727 | D:15     | Noticed namelastname112's ghost (journeyman DrMo)
 26754 | D:15     | Killed namelastname112's ghost
 26932 | D:15     | Found Imynoera's Antique Armour Shoppe.
 27019 | D:15     | Reached skill level 17 in Maces & Flails
 27308 | D:15     | Found a staircase to the Depths.
 27491 | D:15     | Found Anler's Gadget Shoppe.
 27501 | D:15     | Found Nadigh's Food Shop.
 27981 | D:15     | Reached skill level 15 in Armour
 28263 | Swamp:1  | Entered Level 1 of the Swamp
 28499 | Swamp:1  | Reached skill level 1 in Evocations
 28823 | Swamp:1  | Received a gift from Okawaru
 28890 | Swamp:1  | Reached skill level 2 in Evocations
 29577 | Swamp:2  | Reached skill level 15 in Fighting
 29653 | Swamp:2  | Reached skill level 3 in Evocations
 30162 | Swamp:3  | Noticed a thorn hunter
 30176 | Swamp:3  | Killed a thorn hunter
 30235 | Swamp:3  | Reached skill level 4 in Evocations
 30270 | Swamp:3  | Gained mutation: You are immune to freezing clouds. [demonic ancestry]
 30270 | Swamp:3  | Reached XP level 17. HP: 89/142 MP: 23/23
 30455 | Swamp:3  | Received a gift from Okawaru
 30729 | Swamp:3  | Reached skill level 5 in Evocations
 31189 | Swamp:4  | Entered Level 4 of the Swamp
 31391 | Swamp:4  | Reached skill level 6 in Evocations
 31478 | Swamp:4  | Reached skill level 18 in Maces & Flails
 31499 | Swamp:4  | Reached skill level 1 in Throwing
 31530 | Swamp:4  | Reached skill level 2 in Throwing
 31786 | Swamp:4  | Reached skill level 7 in Evocations
 31866 | Swamp:4  | Reached skill level 3 in Throwing
 32091 | Swamp:4  | Got a decaying rune of Zot
 32114 | Swamp:4  | --That was remarkably easy!?!
 32281 | Swamp:4  | Reached skill level 4 in Throwing
 32567 | Spider:1 | Entered Level 1 of the Spider Nest
 32580 | Lair:3   | Reached skill level 8 in Evocations
 32876 | Spider:1 | Received a gift from Okawaru
 33003 | Spider:1 | Reached skill level 5 in Throwing
 33449 | Spider:2 | Reached skill level 9 in Evocations
 33615 | Spider:2 | You fall through a shaft!
 33708 | Spider:2 | Received a gift from Okawaru
 33776 | Spider:2 | Reached skill level 6 in Throwing
 33873 | Spider:2 | Got a brightly glowing ring mail
 33898 | Spider:2 | Noticed Donald
 33916 | Spider:2 | Killed Donald
 34179 | Spider:2 | Reached XP level 18. HP: 149/149 MP: 25/25
 34386 | Spider:2 | Reached skill level 10 in Evocations
 34423 | Spider:2 | Noticed Frances
 34435 | Spider:2 | Killed Frances
 34435 | Spider:2 | Reached skill level 7 in Throwing
 34821 | Spider:2 | Identified the +1 ring mail of Misanthropy {+Inv rElec MR- rCorr} (You found it on level 2 of the Spider Nest)
 35983 | Spider:4 | Entered Level 4 of the Spider Nest
 36521 | Spider:3 | Reached skill level 8 in Throwing
 36847 | Spider:4 | Reached skill level 11 in Evocations
 37041 | Spider:4 | Identified a scroll of acquirement
 37180 | Spider:4 | Received a gift from Okawaru
 37392 | Spider:4 | Received a gift from Okawaru
 37451 | Spider:4 | Received a gift from Okawaru
 37502 | Spider:4 | Reached skill level 9 in Throwing
 37810 | Spider:4 | Reached skill level 12 in Evocations
 37814 | Spider:4 | Got a gossamer rune of Zot
 38429 | Vaults:1 | Entered Level 1 of the Vaults
 38472 | Vaults:1 | Reached skill level 10 in Throwing
 38511 | Vaults:1 | Received a gift from Okawaru
 38523 | Vaults:1 | Got a crystal great mace {god gift}
 38524 | Vaults:1 | Identified the +3 great mace "Goblin's Nightmare" {elec, Dex+4} (Okawaru gifted it to you on level 1 of the Vaults)
 38838 | Vaults:1 | Found Noptoabb's Jewellery Shop.
 38916 | Vaults:1 | You fall through a shaft!
 38948 | Vaults:2 | Noticed Asterion
 38955 | Vaults:2 | HP: 41/149 [deep elf death mage/vampiric draining[an ironheart preserver] (10)]
 39208 | Vaults:2 | Noticed Mara
 39226 | Vaults:2 | Noticed Gorice's illusion
 39307 | Vaults:2 | HP: 38/149 [spiny frog (shapeshifter) (9)]
 39311 | Vaults:2 | Noticed Jorgrun
 39312 | Vaults:2 | HP: 37/149 [poisoned by a spiny frog]
 39321 | Vaults:2 | HP: 39/149 [Asterion/orb of electricity (15)]
 39328 | Vaults:2 | HP: 37/149 [poisoned by a spiny frog]
 39336 | Vaults:2 | HP: 41/149 [poisoned by a spiny frog]
 39514 | Vaults:2 | Gained mutation: A frigid envelope surrounds you and freezes all who hurt you. [demonic ancestry]
 39514 | Vaults:2 | Reached XP level 19. HP: 99/155 MP: 28/28
 39653 | Vaults:2 | Received a gift from Okawaru
 39723 | Vaults:2 | Noticed Boris
 39728 | Vaults:2 | Received a gift from Okawaru
 39745 | Vaults:2 | Killed Boris
 39847 | Vaults:2 | Killed Jorgrun
 39990 | Vaults:1 | Reached skill level 19 in Maces & Flails
 40005 | Vaults:1 | Noticed Wiglaf
 40030 | Vaults:1 | Killed Wiglaf
 40043 | Vaults:1 | Found Nouzanut's Armour Shoppe.
 40112 | Vaults:1 | Received a gift from Okawaru
 40544 | Vaults:1 | Reached skill level 16 in Armour
 40662 | Vaults:1 | Reached skill level 3 in Dodging
 40682 | Vaults:1 | HP: 22/155 [orc knight/dire flail[a boggart] (31)]
 40687 | Vaults:1 | HP: 31/155 [orc knight/great mace (8)]
 41266 | Vaults:1 | Reached skill level 4 in Dodging
 41486 | Vaults:1 | Killed Asterion
 41837 | Vaults:2 | Reached skill level 5 in Dodging
 41845 | Vaults:2 | Gained mutation: Your mind is acute. (Int +2) [potion of beneficial mutation]
 42128 | Vaults:2 | Noticed Gorice's illusion
 42239 | Vaults:1 | HP: 34/155 [large slime creature (20)]
 42558 | Vaults:3 | Reached XP level 20. HP: 148/162 MP: 29/29
 42581 | Vaults:3 | Received a gift from Okawaru
 42585 | Vaults:3 | Reached skill level 6 in Dodging
 42657 | Vaults:3 | Found a staircase to the Crypt.
 43190 | Vaults:3 | Reached skill level 7 in Dodging
 43199 | Vaults:3 | Reached skill level 20 in Maces & Flails
 43218 | Vaults:3 | Received a gift from Okawaru
 43480 | Vaults:3 | HP: 45/162 [yaktaur captain/bolt (12)]
 43481 | Vaults:3 | HP: 17/162 [yaktaur captain/bolt (29)]
 43483 | Vaults:3 | HP: 4/162 [yaktaur captain/bolt (15)]
 43843 | Vaults:3 | Found Miket's Distillery.
 43862 | Vaults:3 | Reached skill level 8 in Dodging
 43873 | Vaults:3 | Found Duhiwiedgh's Book Shop.
 43888 | Vaults:3 | Bought a potion of haste for 160 gold pieces
 43894 | Vaults:3 | Found Rosiuvea's General Store.
 43905 | Vaults:3 | Bought a scroll of recharging for 161 gold pieces
 44110 | Vaults:3 | Reached skill level 9 in Dodging
 44663 | Vaults:4 | Received a gift from Okawaru
 44778 | Vaults:4 | Reached skill level 10 in Dodging
 45595 | Vaults:4 | Reached skill level 11 in Dodging
 46365 | Elf:1    | Entered Level 1 of the Elven Halls
 46505 | Elf:1    | Found Seqous Bevuo's Assorted Antiques.
 46586 | Elf:1    | Bought a silver wand for 116 gold pieces
 46760 | Elf:1    | Found Utzeik Hamu's Antique Armour Shop.
 46763 | Elf:1    | Bought a translucent helmet for 408 gold pieces
 46773 | Elf:1    | Identified the +3 helmet of the Ant {Str+6 Int+4} (You bought it in a shop on level 1 of the Elven Halls)
 46829 | Elf:1    | Found Zyempor's Gadget Emporium.
 46849 | Elf:1    | Reached skill level 12 in Dodging
 46849 | Elf:1    | Gained mutation: You are completely covered in iridescent scales (AC +8). [demonic ancestry]
 46849 | Elf:1    | Reached XP level 21. HP: 168/168 MP: 30/30
 46878 | Elf:1    | Found Wuzeylu's Distillery.
 46885 | Elf:1    | Bought a potion of heal wounds for 85 gold pieces
 47187 | Elf:1    | Received a gift from Okawaru
 47188 | Elf:1    | Got a jewelled longbow {god gift}
 47190 | Elf:1    | Identified the +8 longbow of Generosity {flame, Int+2 Dex+4} (Okawaru gifted it to you on level 1 of the Elven Halls)
 47506 | Elf:2    | Found a runed gate.
 47508 | Elf:2    | Found a runed gate.
 47508 | Elf:2    | Found a runed gate.
 47981 | Elf:2    | Reached skill level 13 in Dodging
 48270 | Elf:2    | HP: 44/168 [deep elf archer/arrow (25)]
 48275 | Elf:2    | HP: 46/168 [poisoned by a glaive of venom]
 48716 | Elf:2    | Noticed Nikola
 48729 | Elf:2    | Reached skill level 14 in Dodging
 48761 | Elf:2    | Killed Nikola
 48761 | Elf:2    | Received a gift from Okawaru
 49025 | Elf:3    | Entered Level 3 of the Elven Halls
 49364 | Elf:3    | Found Siudew's Antique Armour Shoppe.
 49581 | Elf:3    | Reached skill level 15 in Dodging
 49692 | Elf:3    | Identified the Incunabulum of the Earthen Entourage
 49715 | Elf:3    | Got a polished morningstar
 49716 | Elf:3    | Identified the +9 morningstar "Tunen" {crush, +Rage rC+ MR+ Int+4} (You found it on level 3 of the Elven Halls)
 49836 | Elf:3    | Received a gift from Okawaru
 49866 | Elf:3    | Cast into level 3 of the Abyss (a distortion unwield)
 49875 | Abyss:3  | Found a corrupted altar of Lugonu.
 49956 | Elf:3    | Escaped the Abyss
 50176 | Orc:2    | Learned a level 2 spell: Blink
 50179 | Orc:2    | Learned a level 2 spell: Repel Missiles
 50183 | Orc:2    | Learned a level 3 spell: Regeneration
 50281 | Elf:3    | Learned a level 1 spell: Apportation
 50283 | Elf:3    | Learned a level 1 spell: Summon Butterflies
 50756 | Elf:3    | Reached skill level 16 in Dodging
 50782 | Elf:3    | Got a crude ring mail
 50783 | Elf:3    | Identified the cursed +0 ring mail of Slovenliness {-Tele rElec rF+ Slay+3} (You found it on level 3 of the Elven Halls)
 51396 | Crypt:1  | Entered Level 1 of the Crypt
 51418 | Crypt:1  | Reached skill level 1 in Translocations
 51439 | Crypt:1  | Reached XP level 22. HP: 172/175 MP: 31/31
 51491 | Crypt:1  | Reached skill level 2 in Translocations
 51499 | Crypt:1  | Reached skill level 1 in Spellcasting
 51572 | Crypt:1  | Noticed Frederick
 51582 | Crypt:1  | Killed Frederick
 51582 | Crypt:1  | Reached skill level 3 in Translocations
 51590 | Crypt:1  | Received a gift from Okawaru
 51590 | Crypt:1  | Reached skill level 2 in Spellcasting
 51618 | Crypt:1  | Reached skill level 4 in Translocations
 52054 | Crypt:1  | Reached skill level 3 in Spellcasting
 52301 | Crypt:1  | Learned a level 2 spell: Swiftness
 52526 | Crypt:1  | Reached skill level 5 in Translocations
 52563 | Crypt:2  | Noticed Sojobo
 52614 | Crypt:2  | Killed Sojobo
 52652 | Crypt:2  | Reached skill level 4 in Spellcasting
 52655 | Crypt:2  | Reached skill level 6 in Translocations
 52674 | Crypt:2  | Gained mutation: Your muscles are strong. (Str +2) [potion of beneficial mutation]
 52737 | Crypt:1  | Received a gift from Okawaru
 52747 | Crypt:1  | Got a slimy hat {god gift}
 52776 | Crypt:1  | Identified the -1 hat "Ucudgh" {*Drain rN+ Dex+4} (Okawaru gifted it to you on level 1 of the Crypt)
 52845 | Crypt:2  | Reached skill level 7 in Translocations
 52939 | Crypt:2  | HP: 47/175 [flayed ghost/flay_damage[a death knight] (21)]
 52951 | Crypt:2  | HP: 36/175 [flayed ghost/flay_damage[a death knight] (10)]
 52957 | Crypt:2  | HP: 28/175 [flayed ghost/flay_damage[a death knight] (13)]
 52962 | Crypt:2  | HP: 39/175 [flayed ghost/flay_damage[a death knight] (19)]
 52964 | Crypt:2  | HP: 12/175 [phantasmal warrior (17)]
 53062 | Crypt:2  | Reached skill level 5 in Spellcasting
 53217 | Crypt:2  | Reached skill level 8 in Translocations
 53418 | Crypt:2  | HP: 42/175 [flayed ghost/flay_damage (21)]
 53423 | Crypt:2  | HP: 22/175 [reaper/scythe of freezing (19)]
 53430 | Crypt:2  | Reached skill level 6 in Spellcasting
 53576 | Crypt:2  | Reached skill level 9 in Translocations
 53730 | Crypt:2  | Found an ancient bone altar of Kikubaaqudgha.
 54275 | Crypt:2  | Reached skill level 7 in Spellcasting
 54281 | Crypt:3  | Entered Level 3 of the Crypt
 54285 | Crypt:3  | Reached skill level 10 in Translocations
 54370 | Crypt:3  | Reached skill level 1 in Charms
 54389 | Crypt:3  | Reached skill level 1 in Air Magic
 54392 | Crypt:3  | Received a gift from Okawaru
 54534 | Crypt:3  | Reached XP level 23. HP: 163/181 MP: 33/33
 54604 | Crypt:3  | Reached skill level 2 in Air Magic
 54670 | Crypt:3  | Reached skill level 2 in Charms
 54766 | Crypt:3  | Found a basalt altar of Yredelemnul.
 54788 | Crypt:3  | Reached skill level 3 in Air Magic
 54822 | Crypt:3  | Noticed Margery
 54833 | Crypt:3  | Killed Margery
 54843 | Crypt:3  | Killed the ghostly Margery
 54843 | Crypt:3  | Reached skill level 3 in Charms
 54895 | Crypt:3  | Reached skill level 4 in Air Magic
 55112 | Crypt:3  | Noticed Jory
 55145 | Crypt:3  | HP: 45/181 [flayed ghost/flay_damage (21)]
 55151 | Crypt:3  | Killed Jory
 55151 | Crypt:3  | Reached skill level 4 in Charms
 55155 | Crypt:3  | HP: 36/181 [flayed ghost (13)]
 55251 | Crypt:3  | Reached skill level 8 in Spellcasting
 55273 | Crypt:3  | Reached skill level 5 in Air Magic
 55348 | Crypt:3  | Got a smelly scale mail
 55390 | Crypt:3  | Learned a level 4 spell: Passage of Golubria
 55424 | Crypt:3  | Learned a level 6 spell: Haste
 55487 | Crypt:3  | Reached skill level 5 in Charms
 55616 | Crypt:3  | Noticed an ancient lich
 55645 | Crypt:3  | Killed an ancient lich
 55645 | Crypt:3  | Received a gift from Okawaru
 55645 | Crypt:3  | Reached skill level 6 in Charms
 55645 | Crypt:3  | Reached skill level 6 in Air Magic
 55668 | Crypt:3  | Got a slimy dire flail {god gift}
 55783 | Crypt:3  | Identified the +12 dire flail of Tigegoci {crush, rPois rN+} (Okawaru gifted it to you on level 3 of the Crypt)
 55821 | Crypt:3  | Found a staircase to the Tomb.
 55878 | Crypt:3  | Identified the cursed +0 scale mail "Xilixeri" {rF++ rC+ rN+} (You found it on level 3 of the Crypt)
 57106 | Depths:1 | Entered Level 1 of the Depths
 57106 | Depths:1 | Noticed namelastname112's ghost (journeyman DrTm)
 57120 | Depths:1 | Killed namelastname112's ghost
 57123 | Depths:1 | Noticed Aizul
 57136 | D:15     | Reached skill level 7 in Charms
 57136 | D:15     | Reached skill level 7 in Air Magic
 57189 | Depths:1 | Killed Aizul
 57356 | Depths:1 | Reached skill level 9 in Spellcasting
 57591 | Depths:1 | Found a gateway to Hell.
 57616 | Depths:1 | Received a gift from Okawaru
 57716 | Depths:1 | Reached skill level 8 in Charms
 57745 | Depths:1 | Reached skill level 8 in Air Magic
 57976 | Depths:1 | Gained mutation: You frequently emit foul miasma when damaged in melee. [demonic ancestry]
 57976 | Depths:1 | Reached XP level 24. HP: 185/188 MP: 36/36
 58349 | Depths:1 | Found a one-way gate leading to the halls of Pandemonium.
 58569 | D:9      | Bought a book of Spatial Translocations for 715 gold pieces
 58573 | D:9      | Learned a level 3 spell: Portal Projectile
 58877 | Depths:2 | Reached skill level 9 in Charms
 58879 | Depths:2 | Received a gift from Okawaru
 58880 | Depths:2 | Got a crystal dire flail {god gift}
 58980 | Depths:2 | Reached skill level 9 in Air Magic
 59021 | Depths:2 | Reached skill level 1 in Summonings
 59035 | Depths:2 | Reached skill level 1 in Necromancy
 59151 | Depths:2 | Reached skill level 2 in Necromancy
 59157 | Depths:2 | Reached skill level 2 in Summonings
 59200 | Depths:2 | Identified the +3 dire flail of the Key {pain, rC+ SInv} (Okawaru gifted it to you on level 2 of the Depths)
 59324 | Depths:2 | Reached skill level 3 in Necromancy
 59614 | Depths:2 | Received a gift from Okawaru
 59659 | Depths:2 | Reached skill level 3 in Summonings
 59659 | Depths:2 | Reached skill level 4 in Necromancy
 60012 | Depths:2 | Reached skill level 10 in Charms
 60123 | Depths:3 | Found Jougrei's Weapon Shoppe.
 60202 | Depths:3 | Reached skill level 5 in Necromancy
 60289 | Depths:3 | Reached skill level 4 in Summonings
 60325 | Depths:3 | Noticed namelastname112's ghost (adept DrMo)
 60338 | Depths:3 | Killed namelastname112's ghost
 60344 | Depths:3 | Found Elilutyk's Distillery.
 60358 | Depths:3 | Bought a potion of haste for 250 gold pieces
 60462 | Depths:3 | Received a gift from Okawaru
 60571 | Depths:3 | Reached skill level 10 in Spellcasting
 60600 | Depths:3 | Reached skill level 5 in Summonings
 60612 | Depths:3 | Received a gift from Okawaru
 60679 | Depths:3 | Reached skill level 6 in Necromancy
 61285 | Depths:2 | Found a one-way gate to the infinite horrors of the Abyss.
 61448 | Depths:3 | Noticed the Enchantress
 61472 | Depths:2 | Killed the Enchantress
 61472 | Depths:2 | Received a gift from Okawaru
 61474 | Depths:2 | Got a faerie dragon armour
 61486 | Depths:2 | Identified the +8 faerie dragon armour {rElec rC- rN++ HP-8 Slay+6} (You took it off the Enchantress on level 2 of the Depths)
 61486 | Depths:2 | --hmm that's almost good!
 61503 | Depths:2 | Reached skill level 6 in Summonings
 61507 | Depths:2 | Reached skill level 7 in Necromancy
 62249 | Depths:3 | Reached skill level 7 in Summonings
 62262 | Depths:3 | Reached skill level 8 in Necromancy
 62333 | Depths:4 | Found a gateway to a ziggurat.
 62358 | Depths:4 | Noticed Mennas
 62365 | Depths:3 | Was placed under penance by Okawaru
 62559 | Depths:3 | Killed Mennas
 62559 | Depths:3 | Reached XP level 25. HP: 101/194 MP: 37/37
 62577 | Depths:3 | HP: 47/194 [titan/bolt of lightning[the fury of Okawaru] (24)]
 62582 | Depths:3 | HP: 45/194 [titan[the fury of Okawaru] (13)]
 62809 | Lair:1   | Got a jewelled great mace
 62810 | Lair:1   | Identified the +5 great mace "Dierratz" {crush, rC+} (You acquired it on level 1 of the Lair of Beasts)
 63090 | D:14     | HP: 56/194 [poisoned by a green draconian (poison gas)]
 63093 | D:14     | HP: 24/194 [titan[the fury of Okawaru] (8)]
 63485 | Depths:4 | Was forgiven by Okawaru
 63485 | Depths:4 | Reached skill level 9 in Necromancy
 63488 | Depths:4 | Reached skill level 8 in Summonings
 63940 | Depths:4 | Got a polished cloak
 63951 | Depths:4 | Identified the cursed +0 cloak of Twilight {*Confuse +Blink rC++ Str+4 Dex+4} (You found it on level 4 of the Depths)
 64664 | Depths:4 | Reached skill level 11 in Spellcasting
 64737 | Depths:4 | Reached skill level 9 in Summonings
 64787 | Depths:4 | Reached skill level 11 in Charms
 64956 | Depths:5 | Entered Level 5 of the Depths
 65024 | Depths:5 | Received a gift from Okawaru
 65206 | Depths:5 | HP: 53/194 [spriggan rider/spear (12)]
 65211 | Depths:5 | HP: 47/194 [poisoned by a redback]
 65216 | Depths:5 | HP: 43/194 [poisoned by a redback]
 65221 | Depths:5 | HP: 40/194 [poisoned by a redback]
 65226 | Depths:5 | HP: 39/194 [poisoned by a redback]
 65231 | Depths:5 | HP: 39/194 [poisoned by a redback]
 65237 | Depths:5 | HP: 41/194 [poisoned by a redback]
 65243 | Depths:5 | HP: 44/194 [poisoned by a redback]
 65251 | Depths:5 | HP: 48/194 [poisoned by a redback]
 65907 | Depths:5 | Reached skill level 10 in Summonings
 66235 | Depths:5 | Found a gate to the Realm of Zot.
 66457 | Depths:5 | Reached skill level 12 in Charms
 67034 | Vaults:5 | Entered Level 5 of the Vaults
 67233 | Vaults:4 | Received a gift from Okawaru
 67579 | Vaults:4 | Reached skill level 13 in Charms
 67585 | Vaults:4 | Reached skill level 12 in Spellcasting
 67814 | Vaults:4 | Gained mutation: You are powered by pain. [demonic ancestry]
 67814 | Vaults:4 | Reached XP level 26. HP: 191/201 MP: 39/39
 67851 | Vaults:5 | Received a gift from Okawaru
 67867 | Vaults:4 | HP: 52/201 [shadow dragon (11)]
 67873 | Vaults:4 | HP: 49/201 [yaktaur captain (6)]
 68077 | Vaults:4 | Reached skill level 11 in Translocations
 68734 | Vaults:5 | Reached skill level 14 in Charms
 68937 | Vaults:5 | Identified Lagam's Reference Book on the Nocuous Arsonist
 68950 | Vaults:5 | Identified the Catalogue of Shape Shifting and the Traveller
 69590 | Vaults:5 | Got a silver rune of Zot
 69594 | Vaults:5 | Got a faintly glowing plate armour
 69595 | Vaults:5 | Identified the +8 plate armour of the Illusory Spirits {*Drain rElec rC++ Str+3} (You found it on level 5 of the Vaults)
 69881 | Vaults:5 | Reached skill level 13 in Spellcasting
 70017 | Vaults:4 | Reached skill level 15 in Charms
 70018 | Vaults:4 | HP: 57/201 [flayed ghost/flay_damage (26)]
 70161 | Vaults:5 | Received a gift from Okawaru
 70397 | Vaults:4 | Upgraded the game from 0.18-a0-1639-g7533f42 to 0.18-a0-1643-gb89d9db
 71063 | Vaults:4 | Reached skill level 12 in Translocations
 71581 | Slime:1  | Entered Level 1 of the Pits of Slime
 71650 | Slime:1  | Received a gift from Okawaru
 72287 | Slime:2  | HP: 56/201 [acid (8)]
 72292 | Slime:2  | HP: 44/201 [acid blob (10)]
 72297 | Slime:2  | HP: 45/201 [acid (4)]
 72302 | Slime:1  | HP: 44/201 [slime creature (11)]
 72302 | Slime:1  | Gained mutation: Your magical capacity is low (-10% MP). [a shining eye]
 72304 | Slime:1  | Gained mutation: You are clumsy. (Dex -2) [a shining eye]
 72319 | Slime:1  | HP: 60/201 [large slime creature (5)]
 72334 | Slime:1  | HP: 35/201 [acid (10)]
 72591 | Slime:2  | Reached skill level 16 in Charms
 72807 | Slime:6  | Entered Level 6 of the Pits of Slime
 72849 | Slime:6  | Received a gift from Okawaru
 72853 | Slime:6  | Noticed the Royal Jelly
 72878 | Slime:6  | Killed the Royal Jelly
 72878 | Slime:6  | Reached XP level 27. HP: 125/207 MP: 27/36
 72899 | Slime:6  | Received a gift from Okawaru
 72951 | Slime:6  | Got a fine silver ring
 72953 | Slime:6  | Got a slimy rune of Zot
 72983 | Slime:6  | Got a flickering copper ring
 72986 | Slime:6  | Got a twitching tin ring
 72999 | Slime:6  | Got a fine fire dragon armour
 73023 | Slime:6  | Reached skill level 13 in Translocations
 73118 | Slime:6  | Identified the cursed +1 fire dragon armour of the Original Sin {rF++ rC- Str-5 Dex+7} (You found it on level 6 of the Pits of Slime)
 73120 | Slime:6  | Identified the ring "Rugynt" {*Tele MR+ Str+4 Dex+4 SInv} (You found it on level 6 of the Pits of Slime)
 73121 | Slime:6  | Identified the ring "Poprid" {Fragile Int+5 Stlth+} (You found it on level 6 of the Pits of Slime)
 73122 | Slime:6  | Identified the cursed ring of Jiufearelo {rElec rC+ EV-2} (You found it on level 6 of the Pits of Slime)
 73272 | Slime:1  | Gained mutation: Scrolls take you a little longer to read. [a shining eye]
 73273 | Slime:1  | Gained mutation: Your body sometimes deteriorates upon taking damage. [a shining eye]
 73341 | Slime:1  | Reached skill level 17 in Charms
 73501 | Lair:1   | Lost mutation: Your mind is acute. (Int +2) [potion of cure mutation]
 73501 | Lair:1   | Lost mutation: Your body sometimes deteriorates upon taking damage. [potion of cure mutation]
 73501 | Lair:1   | Lost mutation: Your muscles are strong. (Str +2) [potion of cure mutation]
 73604 | Orc:2    | Bought a book of Summonings for 700 gold pieces
 73611 | Orc:2    | Learned a level 5 spell: Aura of Abjuration
 73618 | Orc:2    | Learned a level 6 spell: Shadow Creatures
 73619 | Orc:2    | Bought an Akashic Record for 1104 gold pieces
 73725 | D:9      | Bought a book of Battle for 440 gold pieces
 73729 | D:9      | Learned a level 3 spell: Spectral Weapon
 73738 | D:9      | Learned a level 8 spell: Controlled Blink
 73960 | D:15     | Reached skill level 2 in Stealth
 74136 | Zot:1    | Entered Level 1 of the Realm of Zot
 74157 | Zot:1    | HP: 54/199 [death cob (12)]
 74162 | Zot:1    | HP: 42/199 [death cob (5)]
 74170 | Depths:5 | Reached skill level 3 in Stealth
 74397 | Depths:5 | Reached skill level 11 in Summonings
 74407 | Depths:5 | Reached skill level 4 in Stealth
 74504 | Zot:1    | Reached skill level 5 in Stealth
 74708 | Zot:1    | HP: 53/199 [white draconian/chilling blast (49)]
 74882 | Zot:1    | Reached skill level 6 in Stealth
 74979 | Zot:1    | Reached skill level 12 in Summonings
 75077 | Zot:1    | Received a gift from Okawaru
 75077 | Zot:1    | Reached skill level 7 in Stealth
 75111 | Zot:1    | HP: 58/199 [purple draconian/scimitar (11)]
 75463 | Zot:1    | Reached skill level 8 in Stealth
 75878 | Zot:2    | Reached skill level 13 in Summonings
 75886 | Zot:2    | Received a gift from Okawaru
 75929 | Zot:2    | Received a gift from Okawaru
 75980 | Zot:2    | Reached skill level 9 in Stealth
 76374 | Zot:2    | Received a gift from Okawaru
 76489 | Zot:2    | Received a gift from Okawaru
 76492 | Zot:2    | Got a scorched hat {god gift}
 76532 | Zot:2    | Reached skill level 10 in Stealth
 76639 | Zot:2    | Identified the +2 hat of the Accordion {*Corrode rPois Str+2} (Okawaru gifted it to you on level 2 of the Realm of Zot)
 76838 | Zot:2    | Reached skill level 14 in Summonings
 77163 | Zot:3    | HP: 41/199 [purple draconian monk (25)]
 77815 | Zot:3    | Reached skill level 14 in Translocations
 78014 | Zot:4    | HP: 52/199 [red draconian scorcher/damnation (30)]
 78858 | Depths:5 | Reached skill level 17 in Armour
 79442 | Depths:4 | Voluntarily entered the Abyss.
 79938 | Abyss:2  | Found a corrupted altar of Lugonu.
 80159 | Abyss:2  | Received a gift from Okawaru
 80303 | Abyss:3  | Found a corrupted altar of Lugonu.
 80312 | Abyss:3  | Found a corrupted altar of Lugonu.
 80425 | Abyss:3  | Reached skill level 15 in Translocations
 80778 | Abyss:3  | Got an abyssal rune of Zot
 80905 | Abyss:3  | Reached skill level 18 in Armour
 80938 | Depths:4 | Escaped the Abyss
 81036 | Zig:1    | Entered Level 1 of a ziggurat
 81050 | Zig:2    | Entered Level 2 of a ziggurat
 81090 | Zig:3    | Entered Level 3 of a ziggurat
 81154 | Zig:4    | Entered Level 4 of a ziggurat
 81238 | Zig:5    | Entered Level 5 of a ziggurat
 81275 | Zig:5    | Received a gift from Okawaru
 81404 | Zig:6    | Entered Level 6 of a ziggurat
 81412 | Zig:6    | Noticed an ancient lich
 81427 | Zig:6    | Killed an ancient lich
 81435 | Zig:6    | Reached skill level 16 in Translocations
 81499 | Zig:7    | Entered Level 7 of a ziggurat
 81512 | Zig:7    | HP: 25/199 [shard shrike (54)]
 81515 | Zig:7    | Annihilated by a shard shrike

Vault maps used:
D:1:      minmay_arrival_three_doors, hex_large
D:2:      nicolae_tso_swordbearing_angel, first_bread
D:3:      nicolae_gozag_seed_capital
D:4:      nemelex_xobeh_ov_fountains_minmay, overflow_temple_1_default,
          uniq_sigmund
D:5:      xom_butterflies, kennysheep_mini_moat,
          minmay_overflow_temple_star_hex, minmay_temple_entry_statues,
          st_stairs_9
D:6:      lemuel_castle_with_subvaults, nicolae_overflow_hidden_temple,
          lemuel_doored_altar, uniq_pikel
D:7:      lemuel_crystal_altar, uniq_duvessa
D:8:      uniq_maurice, uniq_erolcha
D:9:      serial_shops, shop, uniq_prince_ribbit1, uniq_gastronok
D:10:     erik_lair_orcish_takeover, orc_0_dummy, basic_altar, serial_shops,
          nicolae_shop_window_shopping
D:11:     the_bakery
D:12:     thingy_vault, minmay_misc_feat_more_columns, elves_outpost_lemuel
D:13:     david_vaults_4, uniq_rupert
D:14:     glass_columns_b, serial_shops, shop_statue
D:15:     grunt_enter_depths_hoard, minmay_fountain_box, serial_shops,
          nicolae_shop_temple_entry_statues_fountains, shop_statue,
          nicolae_shop_crystal, shop, spider_trap
Temple:   circular_temple_6
Lair:1:   portal_ice_cave_entry_ice_beasts, beast_lair_carwin_11,
          infiniplex_staircase_pool_2
Lair:2:   serial_bayou_shore_a, grunt_megastairs_3, lemuel_fruit_tree
Lair:3:   dummy_spider_entry, basic_altar, nicolae_quartered_pool_medium,
          grunt_forest_stairs_basic
Lair:4:   swamp_mist_pool, lemuel_old_faithful
Lair:5:   uniq_snorg, uniq_maud
Lair:6:   nicolae_quartered_pool_super
Lair:7:   minmay_slime_entry_oklob_open, grunt_forest_small_clearings,
          minivault_25, grunt_megastairs_4
Lair:8:   evilmike_catoblepas_cave, lemuel_fruit_fields
Swamp:1:  evilmike_swamp_ruin_house_1, swamp_pool4, hangedman_swamp_cone
Swamp:2:  evilmike_swamp_ruin_rubble_1, swamp_pool4
Swamp:3:  infiniplex_staircase_pool
Swamp:4:  swamp, swamp_pool3
Spider:1: cheibrodos_spider_creepycove
Spider:2: spider_trap, hangedman_stitches_earthworm, uniq_frances, uniq_donald
Spider:3: nicolae_spider_cling_ruins
Spider:4: spider_rune_water, zaba_anthell
Slime:1:  cheibrodos_slime_lost_civilization_5
Slime:3:  cheibrodos_slime_lost_civilization_7
Slime:4:  basic_altar
Slime:5:  basic_altar, nicolae_slime_welcoming_committee
Orc:2:    grunt_orc_cross, basic_altar, bh_open_orc_temple, uniq_saint_roka
Elf:1:    eino_elf_arrival_customs, serial_shops, nicolae_shop_statue_plus,
          shop, shop_statue, shop, evilmike_minifort, feat_on_display
Elf:2:    uniq_nikola
Elf:3:    grunt_elf_hall_spiral, serial_shops,
          nicolae_shop_temple_entry_statues_fountains,
          serial_sigils_hangedman_snap
Vaults:1: hangedman_vaults_variations, ontoclasm_vaults_twist,
          nicolae_vaults_theta, st_star, nicolae_vaults_hallways_thing,
          hangedman_vaults_corner_blocks, grunt_vaults_swirl,
          vaults_mumra_minichess, v_pattern_3, nicolae_vaults_alarming,
          nicolae_vaults_sealed_display, nicolae_vaults_shelves_hall,
          serial_shops, shop, shop, uniq_wiglaf
Vaults:2: v_misc_32, vaults_standard_mumra_x, v_misc_25,
          ontoclasm_vaults_gallery, ontoclasm_vaults_ring_large,
          nicolae_vaults_angled_halls, vaults_dpeg_cross, uniq_jorgrun,
          uniq_asterion, uniq_boris, uniq_mara
Vaults:3: ontoclasm_vaults_gateway, v_misc_1, grunt_vaults_hallway_long,
          dpeg_vaults_monster_box, hangedman_vaults_hard_town_square, v_rooms_6,
          minmay_crypt_entry_simple_corners, vaults_dpeg_ring,
          ontoclasm_vaults_ring_square, vaults_mumra_hex, vaults_room_pools,
          nicolae_vaults_little_squares_2, nicolae_vaults_little_ls,
          hangedman_vaults_trim, ontoclasm_vaults_ligature,
          ontoclasm_vaults_loading_screen, nicolae_vaults_rhombus_5
Vaults:4: vaults_mumra_minichess_inversion, vaults_mumra_chevron_long,
          nicolae_vaults_shelves_hall, vaults_room_grunt_arrival_checkpoint,
          v_misc_15, ontoclasm_vaults_ring_small,
          nicolae_vaults_mini_display_case, nicolae_vaults_yaktaur_gun_rack
Crypt:1:  uniq_frederick
Crypt:2:  cheibrodos_crypt_down_in_the_bonehoard, uniq_sojobo
Crypt:3:  grunt_crypt_end_deaths_head, uniq_margery, uniq_jory
Depths:1: mu_elephants_graveyard, grunt_pan_entry_in_and_out, hell_entry,
          hangedman_abyss_or_decor_stagger, minmay_fire_ice_demons,
          serial_bayou_shore_b, uniq_aizul
Depths:2: dpeg_oklob_gauntlet, marbit_kobold_abyss_entry, hell_entry,
          serial_sigils_hangedman_gut, minmay_three_doors,
          minmay_staircase_bubble
Depths:3: evilmike_marble_ring, serial_shops, nicolae_shop_trees, shop,
          rand_demon_pan_entry_7, minmay_misc_feat_cross,
          pf_hell_entry_tar_spiral, due_unseen_surprise,
          infiniplex_staircase_door_maze, uniq_enchantress
Depths:4: wad_mega_maze, enter_ziggurat_a, abyss_entry_crystal,
          grunt_pan_entry_spiral, glass_columns_a, hangedman_coc_ice_floe,
          minmay_misc_feat_alley, kennysheep_generic_room_8, uniq_mennas
Depths:5: evilmike_zot_entry_round, serial_sigils_hangedman_gut,
          grunt_metal_band, kennysheep_random_hallway
Zot:1:    hangedman_snap_crack_crunch
Zot:2:    guppyfry_library_mini
Zot:4:    lemuel_flame_loot_1, basic_stair_grate_trap
Abyss:3:  hangedman_abyss_rune_macabre_mess
Zig:7:    ziggurat_pillar_centre_oklobs
IceCv:    ice_cave_small_necro

Skill      XL: |  1  2  3  4  5  6  7  8  9 10 11 12 13 14 15 16 17 18 19 20 21 22 23 24 25 26 27 |
---------------+----------------------------------------------------------------------------------+-----
Maces & Flails | 1 2 3 4 5 7 9 11 12 14 15 16 17 18 19 20 | 20.1
Fighting       | 4 5 8 10 12 13 15 | 15.0
Armour         | 3 5 7 9 10 11 13 14 15 16 18 | 18.4
Invocations    | 3 5 9 |  9.0
Evocations     | 4 9 12 | 12.0
Throwing       | 6 10 | 10.1
Dodging        | 5 12 16 | 16.0
Translocations | 1 10 12 16 | 16.1
Spellcasting   | 7 9 10 12 13 | 13.1
Charms         | 1 8 10 13 16 17 | 17.0
Air Magic      | 1 8 9 |  9.0
Summonings     | 7 10 14 | 14.0
Necromancy     | 8 9 |  9.0
Stealth        | 10 | 10.0
Unarmed Combat | |  3.6

Action                   |  1- 3 |  4- 6 |  7- 9 | 10-12 | 13-15 | 16-18 | 19-21 | 22-24 | 25-27 || total
-------------------------+-------+-------+-------+-------+-------+-------+-------+-------+-------++-------
Melee: Unarmed           |    15 |     2 |       |       |       |       |       |       |       ||    17
       Mace              |   126 |   183 |       |       |       |       |       |       |       ||   309
       Flail             |       |    94 |   626 |   167 |       |       |       |       |       ||   887
       Dire flail        |       |       |       |   641 |   186 |       |       |    27 |       ||   854
       Morningstar       |       |       |       |   255 |  1755 |   537 |       |       |       ||  2547
       Great mace        |       |       |       |       |    40 |  1938 |  1815 |  2246 |  2421 ||  8460
 Fire: Hunting sling     |       |    16 |   186 |   125 |       |       |       |       |       ||   327
       Blowgun           |       |       |    19 |    49 |    17 |       |     3 |       |       ||    88
Throw: Stone             |     3 |     5 |     2 |       |       |       |       |       |       ||    10
       Tomahawk          |       |       |       |    59 |    74 |    26 |     2 |    45 |   100 ||   306
       Javelin           |       |       |       |    16 |    45 |    14 |     2 |       |     7 ||    84
       Throwing net      |       |       |       |     1 |     1 |       |       |       |       ||     2
 Cast: Repel Missiles    |       |       |       |       |       |       |       |     2 |    14 ||    16
       Portal Projectile |       |       |       |       |       |       |       |     1 |    11 ||    12
       Apportation       |       |       |       |       |       |       |       |     1 |     1 ||     2
       Blink             |       |       |       |       |       |       |       |       |    10 ||    10
       Summon Butterflie |       |       |       |       |       |       |       |       |    16 ||    16
       Spectral Weapon   |       |       |       |       |       |       |       |       |    96 ||    96
       Regeneration      |       |       |       |       |       |       |       |       |    40 ||    40
       Haste             |       |       |       |       |       |       |       |       |     2 ||     2
Invok: Heroism           |       |       |       |    16 |    15 |    14 |    21 |    12 |    16 ||    94
       Finesse           |       |       |       |       |     2 |     3 |     6 |     4 |     3 ||    18
Evoke: Wand              |       |       |     1 |     2 |       |    12 |     3 |     7 |    13 ||    38
       Lamp of fire      |       |       |       |       |       |       |     1 |     1 |       ||     2
       Box of beasts     |       |       |       |       |       |       |     1 |     1 |       ||     2
  Use: Scroll            |     3 |     6 |     9 |    11 |     9 |    14 |    10 |     7 |    25 ||    94
       Potion            |       |       |     1 |       |     4 |     5 |     6 |     4 |     3 ||    23
 Stab: Sleeping          |     1 |       |       |       |       |       |       |       |     4 ||     5
       Paralysed         |       |       |       |     4 |       |    10 |       |     3 |       ||    17
       Invisible         |       |       |       |     4 |       |     9 |       |     4 |       ||    17
       Held in net/web   |       |       |       |     2 |       |       |       |       |       ||     2
       Petrifying        |       |       |       |       |     3 |       |       |       |       ||     3
       Fleeing           |       |       |       |       |     1 |       |       |       |       ||     1
       Confused          |       |       |       |       |       |     1 |       |       |       ||     1
       Distracted        |       |       |       |       |       |       |     1 |     1 |    18 ||    20
  Eat: Chunk             |     2 |     4 |    16 |    31 |    35 |    44 |    39 |    29 |    49 ||   249
       Pizza             |       |     1 |       |       |       |     2 |       |     3 |       ||     6
       Meat ration       |       |       |       |       |       |     2 |       |       |     4 ||     6
       Bread ration      |       |       |       |       |       |       |       |     1 |       ||     1
       Beef jerky        |       |       |       |       |       |       |       |     1 |       ||     1
       Royal jelly       |       |       |       |       |       |       |       |       |     1 ||     1

Table legend:
 A = Turns spent in this place as a percentage of turns spent in the entire game.
 B = Non-inter-level travel turns spent in this place as a percentage of non-inter-level travel turns spent in the entire game.
 C = Inter-level travel turns spent in this place as a percentage of turns spent in this place.
 D = Turns resting spent in this place as a percentage of non-inter-level travel turns spent in this place.
 E = Turns spent auto-exploring this place as a percentage of non-inter-level travel turns spent in this place.
 F = Non-inter-level travel turns spent in this place divided by the number of levels of this place that you've seen.
                   A       B       C       D       E      F
               +-------+-------+-------+-------+-------+----------------------
         Total | 100.0 | 100.0 |   0.6 |   1.1 |   2.7 | 618.1
       Dungeon |  19.4 |  19.3 |   0.9 |   0.8 |   3.7 | 572.8
        Temple |   0.0 |   0.0 |   0.0 |   0.0 |  36.8 |  19.0
          Lair |  12.0 |  12.0 |   1.0 |   0.5 |   3.0 | 665.9
         Swamp |   4.4 |   4.4 |   0.6 |   0.9 |   4.5 | 493.2
   Spider Nest |   6.1 |   6.1 |   0.4 |   1.5 |   3.1 | 674.8
    Slime Pits |   3.2 |   3.2 |   0.0 |   2.0 |   0.0 | 238.2
  Orcish Mines |   3.6 |   3.6 |   0.7 |   1.2 |   1.1 | 791.5
   Elven Halls |   5.3 |   5.3 |   0.3 |   1.7 |   3.8 | 784.3
        Vaults |  17.5 |  17.6 |   0.4 |   1.9 |   1.6 | 1564.2
         Crypt |   7.9 |   7.9 |   0.3 |   1.0 |   1.8 | 1169.3
        Depths |  10.8 |  10.8 |   0.6 |   0.9 |   3.2 | 960.6
           Zot |   5.0 |   5.1 |   0.3 |   1.6 |   3.6 | 563.0
         Abyss |   3.9 |   3.9 |   0.0 |   0.2 |   0.2 | 431.5
      Ziggurat |   0.9 |   0.9 |   0.0 |   1.4 |   0.0 |  59.1
      Ice Cave |   0.0 |   0.0 |   0.0 |   0.0 |   0.0 |   3.0
               +-------+-------+-------+-------+-------+----------------------

Vault maps used:
D:1:      minmay_arrival_three_doors, hex_large
D:2:      nicolae_tso_swordbearing_angel, first_bread
D:3:      nicolae_gozag_seed_capital
D:4:      nemelex_xobeh_ov_fountains_minmay, overflow_temple_1_default,
          uniq_sigmund
D:5:      xom_butterflies, kennysheep_mini_moat,
          minmay_overflow_temple_star_hex, minmay_temple_entry_statues,
          st_stairs_9
D:6:      lemuel_castle_with_subvaults, nicolae_overflow_hidden_temple,
          lemuel_doored_altar, uniq_pikel
D:7:      lemuel_crystal_altar, uniq_duvessa
D:8:      uniq_maurice, uniq_erolcha
D:9:      serial_shops, shop, uniq_prince_ribbit1, uniq_gastronok
D:10:     erik_lair_orcish_takeover, orc_0_dummy, basic_altar, serial_shops,
          nicolae_shop_window_shopping
D:11:     the_bakery
D:12:     thingy_vault, minmay_misc_feat_more_columns, elves_outpost_lemuel
D:13:     david_vaults_4, uniq_rupert
D:14:     glass_columns_b, serial_shops, shop_statue
D:15:     grunt_enter_depths_hoard, minmay_fountain_box, serial_shops,
          nicolae_shop_temple_entry_statues_fountains, shop_statue,
          nicolae_shop_crystal, shop, spider_trap
Temple:   circular_temple_6
Lair:1:   portal_ice_cave_entry_ice_beasts, beast_lair_carwin_11,
          infiniplex_staircase_pool_2
Lair:2:   serial_bayou_shore_a, grunt_megastairs_3, lemuel_fruit_tree
Lair:3:   dummy_spider_entry, basic_altar, nicolae_quartered_pool_medium,
          grunt_forest_stairs_basic
Lair:4:   swamp_mist_pool, lemuel_old_faithful
Lair:5:   uniq_snorg, uniq_maud
Lair:6:   nicolae_quartered_pool_super
Lair:7:   minmay_slime_entry_oklob_open, grunt_forest_small_clearings,
          minivault_25, grunt_megastairs_4
Lair:8:   evilmike_catoblepas_cave, lemuel_fruit_fields
Swamp:1:  evilmike_swamp_ruin_house_1, swamp_pool4, hangedman_swamp_cone
Swamp:2:  evilmike_swamp_ruin_rubble_1, swamp_pool4
Swamp:3:  infiniplex_staircase_pool
Swamp:4:  swamp, swamp_pool3
Spider:1: cheibrodos_spider_creepycove
Spider:2: spider_trap, hangedman_stitches_earthworm, uniq_frances, uniq_donald
Spider:3: nicolae_spider_cling_ruins
Spider:4: spider_rune_water, zaba_anthell
Slime:1:  cheibrodos_slime_lost_civilization_5
Slime:3:  cheibrodos_slime_lost_civilization_7
Slime:4:  basic_altar
Slime:5:  basic_altar, nicolae_slime_welcoming_committee
Orc:2:    grunt_orc_cross, basic_altar, bh_open_orc_temple, uniq_saint_roka
Elf:1:    eino_elf_arrival_customs, serial_shops, nicolae_shop_statue_plus,
          shop, shop_statue, shop, evilmike_minifort, feat_on_display
Elf:2:    uniq_nikola
Elf:3:    grunt_elf_hall_spiral, serial_shops,
          nicolae_shop_temple_entry_statues_fountains,
          serial_sigils_hangedman_snap
Vaults:1: hangedman_vaults_variations, ontoclasm_vaults_twist,
          nicolae_vaults_theta, st_star, nicolae_vaults_hallways_thing,
          hangedman_vaults_corner_blocks, grunt_vaults_swirl,
          vaults_mumra_minichess, v_pattern_3, nicolae_vaults_alarming,
          nicolae_vaults_sealed_display, nicolae_vaults_shelves_hall,
          serial_shops, shop, shop, uniq_wiglaf
Vaults:2: v_misc_32, vaults_standard_mumra_x, v_misc_25,
          ontoclasm_vaults_gallery, ontoclasm_vaults_ring_large,
          nicolae_vaults_angled_halls, vaults_dpeg_cross, uniq_jorgrun,
          uniq_asterion, uniq_boris, uniq_mara
Vaults:3: ontoclasm_vaults_gateway, v_misc_1, grunt_vaults_hallway_long,
          dpeg_vaults_monster_box, hangedman_vaults_hard_town_square, v_rooms_6,
          minmay_crypt_entry_simple_corners, vaults_dpeg_ring,
          ontoclasm_vaults_ring_square, vaults_mumra_hex, vaults_room_pools,
          nicolae_vaults_little_squares_2, nicolae_vaults_little_ls,
          hangedman_vaults_trim, ontoclasm_vaults_ligature,
          ontoclasm_vaults_loading_screen, nicolae_vaults_rhombus_5
Vaults:4: vaults_mumra_minichess_inversion, vaults_mumra_chevron_long,
          nicolae_vaults_shelves_hall, vaults_room_grunt_arrival_checkpoint,
          v_misc_15, ontoclasm_vaults_ring_small,
          nicolae_vaults_mini_display_case, nicolae_vaults_yaktaur_gun_rack
Crypt:1:  uniq_frederick
Crypt:2:  cheibrodos_crypt_down_in_the_bonehoard, uniq_sojobo
Crypt:3:  grunt_crypt_end_deaths_head, uniq_margery, uniq_jory
Depths:1: mu_elephants_graveyard, grunt_pan_entry_in_and_out, hell_entry,
          hangedman_abyss_or_decor_stagger, minmay_fire_ice_demons,
          serial_bayou_shore_b, uniq_aizul
Depths:2: dpeg_oklob_gauntlet, marbit_kobold_abyss_entry, hell_entry,
          serial_sigils_hangedman_gut, minmay_three_doors,
          minmay_staircase_bubble
Depths:3: evilmike_marble_ring, serial_shops, nicolae_shop_trees, shop,
          rand_demon_pan_entry_7, minmay_misc_feat_cross,
          pf_hell_entry_tar_spiral, due_unseen_surprise,
          infiniplex_staircase_door_maze, uniq_enchantress
Depths:4: wad_mega_maze, enter_ziggurat_a, abyss_entry_crystal,
          grunt_pan_entry_spiral, glass_columns_a, hangedman_coc_ice_floe,
          minmay_misc_feat_alley, kennysheep_generic_room_8, uniq_mennas
Depths:5: evilmike_zot_entry_round, serial_sigils_hangedman_gut,
          grunt_metal_band, kennysheep_random_hallway
Zot:1:    hangedman_snap_crack_crunch
Zot:2:    guppyfry_library_mini
Zot:4:    lemuel_flame_loot_1, basic_stair_grate_trap
Abyss:3:  hangedman_abyss_rune_macabre_mess
Zig:7:    ziggurat_pillar_centre_oklobs
IceCv:    ice_cave_small_necro
